 Dungeon Crawl Stone Soup version 0.27.0-1-g7a08968 (webtiles) character file.

Game seed: 11616739499484676101

830 Illumine the Ruffian (level 7, -5/59 HPs)
             Began as a Palentonga Monk on Aug 9, 2021.
             Was a Believer of Cheibriados.
             Slain by an ice beast (13 damage)
             ... on level 5 of the Dungeon.
             The game lasted 00:09:12 (5569 turns).

Illumine the Ruffian (Palentonga Monk)              Turns: 5569, Time: 00:09:13

Health: -5/59      AC: 11    Str: 27    XL:     7   Next: 65%
Magic:  8/8        EV: 11    Int: 15    God:    Cheibriados [**....]
Gold:   239        SH:  0    Dex: 18    Spells: 6/6 levels left

rFire    . . .     SeeInvis +     - Unarmed
rCold    . . .     Faith    .   (no shield)
rNeg     . . .     Spirit   .   d - +0 robe
rPois    .         Reflect  .   (no helmet)
rElec    .         Harm     .   (no cloak)
rCorr    .         Rampage  .   (no gloves)
Will     .....                  (no barding)
Stlth    ++........             (no amulet)
HPRegen  0.19/turn              r - +6 ring of strength
MPRegen  0.11/turn              (no ring)

@: curled up, very slow
A: large, rugged brown scales 3, see invisible, deformed body, roll 1, armoured
tail, reflexive curl
a: Rolling Charge, Renounce Religion, Bend Time


You were on level 5 of the Dungeon.
You worshipped Cheibriados.
Cheibriados was pleased with you.
You visited 2 branches of the dungeon, and saw 6 of its levels.

You collected 239 gold pieces.

Inventory:

Hand Weapons
 a - a +0 hunting sling
Missiles
 b - 26 poisoned darts
 c - 166 stones
 i - 18 sling bullets
Armour
 d - a +0 robe (worn)
Jewellery
 r - a +6 ring of strength (left hand)
Wands
 q - a wand of paralysis (7)
Scrolls
 e - a scroll of fear {unknown}
 h - 2 scrolls of teleportation {unknown}
 k - 2 scrolls of enchant weapon {unknown}
 m - a scroll of magic mapping {unknown}
 n - 2 scrolls of fog {unknown}
 p - a scroll of enchant armour {unknown}
Potions
 f - 3 potions of attraction {unknown}
 g - a potion of berserk rage
 j - a potion of flight {unknown}
 l - 2 potions of haste
 o - a potion of curing {unknown}
 s - a potion of might {unknown}
 t - a potion of resistance {unknown}


   Skills:
 + Level 5.2 Fighting
 + Level 3.6 Dodging
 - Level 1.2 Stealth
 * Level 6.9 Unarmed Combat
 + Level 2.2 Invocations


You had 6 spell levels left.
You didn't know any spells.
Your spell library contained the following spells:

 Spells                   Type           Power      Damage    Failure   Level
 Passwall                 Tmut/Erth      0%         N/A       38%         2
 Portal Projectile        Hex/Tloc       0%         N/A       63%         3
 Swiftness                Air            0%         N/A       63%         3
 Blade Hands              Tmut           0%         N/A       100%        5
 Excruciating Wounds      Necr           0%         N/A       100%        5
 Invisibility             Hex            0%         N/A       100%        6


Dungeon Overview and Level Annotations

Branches:
Dungeon (5/15)             Temple (1/1) D:4

Altars:
Cheibriados
Dithmenos
Elyvilon
Fedhas
Gozag
Kikubaaqudgha
Okawaru
Sif Muna
Vehumet
Xom

Annotations:
D:4 Edmund


Innate Abilities, Weirdness & Mutations

You are completely covered in rugged brown scales. (AC +3, +7% HP)
You have supernaturally acute eyesight. (SInv)
Armour fits poorly on your strangely shaped body.
You can roll at nearby foes to attack.
You have a long armoured tail.
You curl defensively after being hit.


Message History

Unknown command.
a - a +0 hunting sling (weapon)
Fire: 167 stones
Press: ? - help, Q - select action, (/) - cycle Shift-Dir - straight line, f - ice beast
Aim: an ice beast (63% to hit)
You shoot a stone. The stone barely misses the ice beast.
Unknown command.
You are now empty-handed.
Roll where?
Press: ? - help, Dir - move target, f/p - ice beast
Aim: an ice beast You roll forward with a clatter of scales!
You hit the ice beast.
Your tail-slap misses the ice beast.
The ice beast is lightly wounded.
The ice beast hits you. The ice beast freezes you! The ice beast misses you.
You hit the ice beast.
The ice beast is moderately wounded.
The ice beast hits you. The ice beast freezes you!
You hit the ice beast but do no damage.
The ice beast is moderately wounded.
The ice beast hits you. The ice beast freezes you!
You closely miss the ice beast.
Your tail-slap misses the ice beast.
The ice beast is moderately wounded.
The ice beast completely misses you.
You punch the ice beast! Your punch misses the ice beast.
The ice beast is heavily wounded.
You hit the ice beast but do no damage. You tail-slap the ice beast!
The ice beast is almost dead.
The ice beast hits you. The ice beast freezes you!
* * * LOW HITPOINT WARNING * * *
You hit the ice beast but do no damage.
The ice beast is almost dead.
The ice beast barely misses you.
You hit the ice beast but do no damage.
You tail-slap the ice beast, but do no damage.
The ice beast is almost dead.
The ice beast hits you.
* * * LOW HITPOINT WARNING * * *
The ice beast freezes you!
You die...

#.......#.#.#.#
#
#.......#.#.#.#
#
#.......#.#.#.#
#
#.......#.#.#.#
#
#.......#.#.#.#
#
#######.#.#<#.#
# #.#.# ... #
#.# # #@# #Y#
#.# #.# #.# .(.
... ...


You could see an ice beast.

Vanquished Creatures
  A black bear (D:4)
  2 necrophages
  An ogre (D:4)
  A centaur (D:5)
  A scorpion (D:5)
  2 orc priests (D:4)
  A gnoll shaman (D:5)
  Natasha (twice) (D:3)
  An orc wizard (D:5)
  3 gnolls (D:5)
  4 adders
  A white imp (D:5)
  A worm (D:2)
  A dart slug (D:1)
  15 orcs
  4 ball pythons
  7 bats
  11 endoplasms
  3 giant cockroaches
  10 goblins
  10 hobgoblins
  3 jackals (D:3)
  9 kobolds
  4 quokkas
  4 frilled lizards
  5 rats
107 creatures vanquished.

Notes
Turn   | Place    | Note
-------+----------+-------------------------------------------
     0 | D:1      | Illumine the Palentonga Monk began the quest for the Orb.
     0 | D:1      | Reached XP level 1. HP: 19/19 MP: 1/1
   491 | D:1      | Reached XP level 2. HP: 21/25 MP: 2/2
   995 | D:1      | Reached XP level 3. HP: 31/31 MP: 3/3
  1452 | D:2      | Reached skill level 4 in Unarmed Combat
  1677 | D:2      | Found a faded altar of an unknown god.
  2330 | D:3      | Found an opulent altar of Gozag.
  2330 | D:3      | Found an opulent altar of Gozag.
  2362 | D:3      | Reached XP level 4. HP: 21/39 MP: 4/4
  2784 | D:3      | Found an ancient bone altar of Kikubaaqudgha.
  3377 | D:3      | Found an opulent altar of Gozag.
  3384 | D:3      | Found an opulent altar of Gozag.
  3451 | D:3      | Noticed Natasha
  3459 | D:3      | Killed Natasha
  3605 | D:3      | Noticed Natasha
  3623 | D:3      | Killed Natasha
  3624 | D:3      | Reached skill level 5 in Unarmed Combat
  3624 | D:3      | Reached XP level 5. HP: 44/44 MP: 5/5
  3694 | D:4      | Noticed a necrophage
  3712 | D:4      | Killed a necrophage
  3778 | D:4      | Found a white marble altar of Elyvilon.
  4081 | D:4      | Reached XP level 6. HP: 50/52 MP: 6/6
  4392 | D:3      | Reached skill level 6 in Unarmed Combat
  4515 | D:4      | Noticed Edmund
  4606 | D:4      | Found a staircase to the Ecumenical Temple.
  4623 | Temple   | Entered the Ecumenical Temple
  4635 | Temple   | Became a worshipper of Cheibriados the Contemplative
  4635 | Temple   | Reached * piety under Cheibriados
  4635 | Temple   | Reached ** piety under Cheibriados
  4821 | D:4      | Found a radiant altar of Vehumet.
  4875 | D:4      | Reached skill level 1 in Invocations
  4875 | D:4      | Gained mutation: You curl defensively after being hit.
                  | [Palentonga growth]
  4875 | D:4      | Reached XP level 7. HP: 52/58 MP: 7/7
  5092 | D:5      | Entered Level 5 of the Dungeon
  5098 | D:5      | Reached skill level 5 in Fighting
  5504 | D:5      | Found an iron altar of Okawaru.
  5569 | D:5      | Slain by an ice beast

Illustrated notes

Levels and vault maps discovered:
D:1:      elethiomel_arrival_maze, layout_basic
D:2:      layout_loops_ring, ebering_ecumenical_altar_sacrificial,
          kennysheep_another_room, chequers_serial_rivers_marsh
D:3:      layout_loops_ring, kiku_gazebo_pond_becter,
          nicolae_gozag_conspicuous_consumption, serial_aquarium,
          aquarium_bridge_square [aquarium_subvault_balcony,
          aquarium_subvault_bridge, aquarium_subvault_bridge,
          aquarium_subvault_bridge], aquarium_window_fake, aquarium_window_1,
          aquarium_view_2c, aquarium_view_2d, aquarium_balcony_3b,
          aquarium_pool_corner, uniq_natasha
D:4:      layout_basic, mainiacjoe_overflow_paths, mainiacjoe_overflow_brackets,
          minmay_temple_entry_offerings, uniq_edmund
D:5:      layout_basic, mainiacjoe_overflow_alcove_1, lemuel_crystal_altar
Temple:   compressed_dpeg_triangle_lava_temple

Skill      XL: |  1  2  3  4  5  6  7 |
---------------+----------------------+-----
Unarmed Combat | 4 5 6 |  6.9
Fighting       | 4 5 |  5.2
Dodging        | 3 |  3.6
Invocations    | 1 2 |  2.2
Stealth        | |  1.2

Action                   |  1- 3 |  4- 6 |  7- 9 || total
-------------------------+-------+-------+-------++-------
Melee: Unarmed           |   160 |   157 |    44 ||   361
       Tailslap          |    15 |    17 |     9 ||    41
       Punch             |     1 |     3 |     1 ||     5
 Fire: Hunting sling     |       |    34 |     6 ||    40
 Abil: Rolling Charge    |    29 |    12 |     6 ||    47
  Use: Scroll            |       |     3 |       ||     3
 Stab: Sleeping          |     1 |     1 |       ||     2
Armor: Robe              |    43 |    33 |     7 ||    83
Dodge: Dodged            |    63 |    67 |    24 ||   154
